 Dungeon Crawl Stone Soup version 0.31-a0-859-g9dce7d3444 (webtiles) character file.

Game seed: 16383864846712351126

1 Kurtz the Sneak (level 1, -8/21 HPs)
             Began as a Naga Delver on Oct 9, 2023.
             Mangled by Menkaure (16 damage)
             ... on level 5 of the Dungeon.
             The game lasted 00:00:20 (135 turns).

Kurtz the Sneak (Naga Delver)                        Turns: 135, Time: 00:00:21

Health: -8/21      AC:  3    Str: 14    XL:     1   Next: 20%
Magic:  1/1        EV:  7    Int: 10    God:
Gold:   15         SH:  0    Dex: 12    Spells: 0/0 levels left

rFire   . . .        a - +0 hand axe
rCold   . . .        (no shield)
rNeg    . . .        i - +0 scale mail
rPois   +            (no helmet)
rElec   .            (no cloak)
rCorr   .            (no gloves)
SInv    +            (no barding)
Will    .....        (no amulet)
Stlth   ++           (no ring)
HPRegen 0.23/turn    (no ring)
MPRegen 0.07/turn

%: no passive effects
@: hasted, quick
A: AC +0, large, see invisible, deformed body, poison resistance, slowness 2,
spit poison 1, naga tail 1
a: Spit Poison


You were on level 5 of the Dungeon.
You visited 1 branch of the dungeon, and saw 2 of its levels.

You collected 15 gold pieces.

Inventory:

Hand Weapons
 a - a +0 hand axe (weapon)
Armour
 b - a +0 leather armour
 i - a +0 scale mail (worn)
Wands
 g - a wand of digging (3)
Scrolls
 c - a scroll of fog
 d - a scroll of revelation
 e - a scroll of fear
 h - a scroll of vulnerability {unknown}


   Skills:
 - Level 3.0 Fighting
 * Level 2.1 Axes
 - Level 1.5 Dodging
 - Level 7.2 Stealth


You couldn't memorise any spells.
You didn't know any spells.
Your spell library was empty.

Dungeon Overview and Level Annotations

Branches:
Dungeon (5/15)
 Temple: D:4-7

Altars:
Uskayaw

Shops:
D:5 [

Annotations:
D:5 exclusion: upstairs, Menkaure


Innate Abilities, Weirdness & Mutations

Your serpentine skin is tough. (AC +0)
You have supernaturally acute eyesight. (SInv)
Armour fits poorly on your strangely shaped body.
Your system is resistant to poisons. (rPois)
You cover ground very slowly.
You can spit poison.
You have a snake-like lower body.


Message History

You continue putting on your +0 scale mail. x5
You finish putting on your +0 scale mail.
Unknown command.
There is an open door here.
There is an entrance to Hemog's Antique Armour Boutique here.
There is an open door here.
You open the door.
There is an open door here.
Found a stone staircase leading down.
A quokka comes into view.
A quokka is nearby!
Found a hide-covered altar of Uskayaw.
The quokka bites you but does no damage.
You hit the quokka. Your punch misses the quokka.
The quokka is almost dead.
The quokka bites you.
You hit the quokka but do no damage.
The quokka is almost dead.
The quokka bites you. x2
You hit the quokka.
You kill the quokka!
Unknown command.
No reachable target in view!
HP restored.
There is a stone staircase leading down here.
A hound comes into view.
A hound is nearby!
There is a stone staircase leading down here.
Menkaure, Prince of Dust comes into view.
Menkaure shouts!
You hit Menkaure but do no damage.
Menkaure gestures at you while chanting.
Pain shoots through your body!
Unknown command.
You feel yourself speed up. Menkaure hits you.
You hit Menkaure.
Menkaure is moderately damaged.
Menkaure hits you!
Ouch! That really hurt!
You die...

#.# #.# #.# #.# #.#
#.# #.# #.#
######.#####.#
#..........#.#
#..........#.#
#..........#.#######
#..........#@M......
######'#############
#.# #.# #.#
##.######
#.......###
#.........#
#....#'##.##


You could see Menkaure.

Vanquished Creatures
  A quokka (D:5)
1 creature vanquished.

Notes
Turn   | Place    | Note
-------+----------+-------------------------------------------
     0 | D:5      | Kurtz the Naga Delver began the quest for the Orb.
     0 | D:5      | Reached XP level 1. HP: 21/21 MP: 1/1
    20 | D:5      | Found Hemog's Antique Armour Boutique.
    47 | D:4      | Noticed an orc wizard
    47 | D:4      | Noticed an orc wizard
    48 | D:4      | Noticed an orc wizard
    95 | D:5      | Noticed a +0 hand axe
    96 | D:5      | Found a hide-covered altar of Uskayaw.
    96 | D:5      | Noticed a +0 dagger
   115 | D:5      | Noticed a hound
   131 | D:5      | Noticed Menkaure
   135 | D:5      | Mangled by Menkaure

Illustrated notes

Levels and vault maps discovered:
D:4:      layout_cave_pools
D:5:      layout_basic, dancing_weapons_uskayaw, serial_shops,
          nicolae_shop_hallway_plus, uniq_menkaure

Action                     || total
---------------------------++-------
  Melee: Hand axe          ||     5
    Use: Potion            ||     1
 Armour: Scale mail        ||     6

Table legend: (Time is in decaauts)
 A = Elapsed time spent in this place.
 B = Non-inter-level travel time spent in this place.
 C = Inter-level travel time spent in this place.
 D = Time resting spent in this place.
 E = Time spent auto-exploring this place.
 F = Levels seen in this place.
 G = Mean time per level.
                   A        B        C        D        E       F      G
               +--------+--------+--------+--------+--------+-----+--------+
         Total |    175 |    162 |     13 |      0 |    101 |   2 |   87.5 |
       Dungeon |    175 |    162 |     13 |      0 |    101 |   2 |   87.5 |
               +--------+--------+--------+--------+--------+-----+--------+

Top non-repeatable levels by time:
     D:5: 173 daAuts
     D:4: 1 daAuts
